 Dungeon Crawl Stone Soup version 0.17.0-73-gb648821 (webtiles) character file.

649 Saitama the Insei (level 7, -1/56 HPs)
             Began as a Mummy Monk on Dec 9, 2015.
             Slain by PeterLawrence's ghost (15 damage)
             ... on level 3 of the Dungeon.
             The game lasted 00:53:28 (10376 turns).

Saitama the Insei (Mummy Monk)                     Turns: 10376, Time: 00:53:29

Health: -1/56      AC:  3    Str: 14    XL:     7   Next: 28%
Magic:  7/7        EV:  8    Int: 10    God:
Gold:   192        SH:  0    Dex: 16    Spells: 0 memorised, 6 levels left

rFire  x . .     SeeInvis .       - Unarmed
rCold  + . .     Clarity  .     (no armour)
rNeg   + + +     SustAt   .     (no shield)
rPois  ∞         Gourm    .     (no helmet)
rElec  .         Spirit   .     l - +0 cloak
rCorr  .         Warding  .     k - +1 pair of gloves
rMut   .         Stasis   .     (no boots)
MR     .....                    (no amulet)
Stlth  ++........               (no ring)
                                (no ring)

@: not resistant to hostile enchantments, unstealthy
A: no food or potions, fire vulnerability, cold resistance 1, negative energy
resistance 3, torment resistance, unbreathing
a: no special abilities


You were on level 3 of the Dungeon.
You were not hungry.

You visited 2 branches of the dungeon, and saw 6 of its levels.

You collected 192 gold pieces.

Inventory:

Armour
 k - a +1 pair of gloves (worn)
 l - a +0 cloak (worn)
Jewellery
 c - a -3 ring of protection {LAVA}
 e - an uncursed amulet of regeneration {unknown}
 h - an uncursed amulet of clarity {unknown}
Scrolls
 b - a scroll of magic mapping
 i - a scroll of immolation
 m - a scroll of enchant weapon
Comestibles
 a - 7 fruits (quivered)
 d - 3 bread rations
 f - 3 meat rations
 j - a beef jerky


   Skills:
 - Level 5.3 Fighting
 - Level 2.4 Dodging
 - Level 1.5 Stealth
 + Level 6.4 Unarmed Combat


You had 6 spell levels left.
You didn't know any spells.

Dungeon Overview and Level Annotations

Branches:
Dungeon (5/15)             Temple (1/1) D:4

Altars:

Shops:
D:4 (

Annotations:
D:1 exclusion: downstairs
D:2 exclusion: 3 downstairs, Terence
D:3 exclusion: 3 downstairs, PeterLawrence's ghost, weakling GrFi


Innate Abilities, Weirdness & Mutations

You do not eat or drink.
Your flesh is vulnerable to fire.
You are immune to poison.
Your flesh is cold resistant.
You are immune to negative energy.
You are immune to unholy pain and torment.
You can survive without breathing.


Message History

The phantom hits you.
The phantom blinks!
You hit the phantom.
The phantom is moderately damaged.
You hit the phantom but do no damage.
The phantom is moderately damaged.
The phantom hits you!
The phantom blinks!
There is an escape hatch in the ceiling here.
A mysterious force pulls you upwards. The hatch slams shut behind you.
Level annotation: exclusion: 3 downstairs, PeterLawrence's ghost, weakling GrFi PeterLawrence's ghost closely misses you.
PeterLawrence's ghost hits you!
PeterLawrence's ghost says, "Crushing you to a pulp will hurt a lot.
After that?
Painless!
I promise!"
PeterLawrence's ghost says, "I was like you once."
PeterLawrence's ghost hits you!
* * * LOW HITPOINT WARNING * * *
The phantom blinks!
The phantom blinks!
There is a stone staircase leading up here.
PeterLawrence's ghost hits you!
You die...

####.######..............#
#####....[.## #..............#
#...........###..............#
..###.......#................#
### ####.##.................##
..######.##.............#.###
#.....#........§.:......#..#
#####.........#W.........#.#
#..............@.W....#.#.#
##.........................#
......................####.#
#..##.........##........##.#
...#......#.............##.#
.......##..................#
............#.#####...######
.......##.....# #.###
.......#.....######.#


You could see a phantom and PeterLawrence's ghost.

Vanquished Creatures
  An ice beast (D:3)
  2 scorpions (D:4)
  A centaur skeleton (D:4)
  A hound (D:3)
  5 orc wizards
  3 worker ants (D:4)
  5 adders
  2 oozes
  3 worms
  4 giant geckos
  14 orcs
  2 ball pythons (D:2)
  9 bats
  6 giant cockroaches
  9 hobgoblins
  11 jackals
  13 kobolds
  A quokka (D:3)
  4 giant newts
  15 goblins
  A quokka skeleton (D:4)
  10 rats
122 creatures vanquished.

Notes
Turn   | Place    | Note
--------------------------------------------------------------
     0 | D:1      | Saitama the Mummy Monk began the quest for the Orb.
     0 | D:1      | Reached XP level 1. HP: 18/18 MP: 1/1
   318 | D:1      | nice
   319 | D:1      | literally ctrl quit
   411 | D:1      | kek
  1025 | D:1      | Reached XP level 2. HP: 17/24 MP: 2/2
  1167 | D:1      | kek
  1644 | D:1      | rip
  1647 | D:1      | Reached skill level 4 in Unarmed Combat
  1648 | D:1      | wow
  1758 | D:1      | Reached XP level 3. HP: 29/29 MP: 3/3
  3530 | D:2      | Reached XP level 4. HP: 20/35 MP: 4/4
  4113 | D:2      | Noticed Terence
  4116 | D:2      | FAULT
  4175 | D:3      | Noticed PeterLawrence's ghost (weakling GrFi)
  4578 | D:2      | ALMOST 0
  4642 | D:3      | Found a faded altar to an unknown god.
  4798 | D:3      | Reached skill level 5 in Unarmed Combat
  4980 | D:3      | back on track
  5315 | D:3      | Reached XP level 5. HP: 14/42 MP: 5/5
  6599 | D:4      | Found Doush's Antique Weapon Emporium.
  6653 | D:4      | Noticed an ice beast
  6739 | D:4      | Noticed a phantom
  6765 | D:4      | Found a staircase to the Ecumenical Temple.
  6774 | Temple   | Entered the Ecumenical Temple
  7009 | D:4      | Noticed a phantom
  7017 | D:4      | Noticed an ogre
  7689 | D:2      | fuck this
  8327 | D:4      | Reached skill level 5 in Fighting
  8327 | D:4      | Reached XP level 6. HP: 26/51 MP: 6/6
  8846 | D:5      | Entered Level 5 of the Dungeon
  9526 | D:4      | Reached XP level 7. HP: 12/56 MP: 7/7
  9533 | D:4      | Reached skill level 6 in Unarmed Combat
  9865 | D:3      | Killed an ice beast
 10376 | D:3      | Slain by PeterLawrence's ghost

Action                   |  1- 3 |  4- 6 |  7- 9 || total
-------------------------+-------+-------+-------++-------
Melee: Unarmed           |   215 |   375 |    48 ||   638
  Use: Scroll            |     3 |     5 |       ||     8
 Stab: Sleeping          |       |     2 |       ||     2
